 Dungeon Crawl Stone Soup version 0.29.0-10-g45618ea6d2 (webtiles) character file.

Game seed: 8723550068835078307

4239 night the Fighter (level 10, 0/81 HPs)
             Began as a Djinni Conjurer on Sept 2, 2022.
             Was an Initiate of Nemelex Xobeh.
             Slain by a fire elemental (9 damage)
             ... created by the fiery vengeance of Ignis
             ... on level 9 of the Dungeon.
             The game lasted 00:18:49 (8491 turns).

night the Fighter (Djinni Conjurer)                 Turns: 8491, Time: 00:18:50

Health: 0/81       AC:  9    Str:  6    XL:     10   Next: 55%
Gold:   362        EV: 20    Int: 23    God:    Nemelex Xobeh [......] SH:  0 Dex: 13

rFire   . . .      SeeInvis .   a - staff of conjuration
rCold   . . .      Faith    .   (no shield)
rNeg    . . .      Spirit   .   C - +2 robe {rC+}
rPois   ∞          Reflect  .   i - +0 helmet
rElec   .          Harm     .   s - +1 cloak
rCorr   .          Rampage  .   E - +1 pair of gloves
Will    +....                   (boots unavailable)
Stlth   ++........              (no amulet)
HPRegen 0.23/turn               t - +4 ring of evasion
MPRegen 0.00/turn               x - +4 ring of evasion

@: flying, fire susceptible
A: sickness immunity, fire resistance 2, cold vulnerability 1, float, innate
caster, HP casting, extra vitality 1
a: Renounce Religion, Draw Escape, Draw Destruction, Draw Summoning


You were on level 9 of the Dungeon.
You worshipped Nemelex Xobeh.
Nemelex Xobeh was noncommittal.
You visited 2 branches of the dungeon, and saw 9 of its levels.

You collected 362 gold pieces.

Inventory:

Hand Weapons
 b - a +2 short sword of speed
 l - a +2 mace of protection
 G - the +6 great sword of Untimely Demise {vorpal, Fly rCorr}
   (You found it on level 7 of the Dungeon)

   It inflicts extra damage upon your enemies.
   Fly:       It grants you flight.
   rCorr:     It protects you from acid and corrosion.
Missiles
 d - 42 stones
 g - 3 boomerangs
 y - 8 poisoned darts
 z - 2 silver javelins
Armour
 i - a +0 helmet (worn)
 s - a +1 cloak (worn)
 C - a +2 robe of cold resistance (worn)
 E - a +1 pair of gloves (worn)
Magical Staves
 a - a staff of conjuration (weapon)
Jewellery
 t - a +4 ring of evasion (left hand)
 u - a ring of see invisible
 x - a +4 ring of evasion (right hand)
 A - a ring of positive energy
Wands
 B - a wand of roots (21)
 D - a wand of digging (3)
Scrolls
 c - 2 scrolls of identify
 k - a scroll of teleportation
 n - a scroll of amnesia
 p - 2 scrolls of enchant weapon
 r - a scroll of enchant armour
 w - 2 scrolls of fear
 H - a scroll of noise {unknown}
Potions
 e - a potion of cancellation
 f - 2 potions of heal wounds
 h - 2 potions of flight
 j - 5 potions of mutation
 m - a potion of attraction
 o - 2 potions of curing {unknown}
 q - a potion of resistance {unknown}
 v - 4 potions of degeneration {unknown}
 F - a potion of brilliance {unknown}
 I - a potion of might {unknown}


   Skills:
 + Level 10.3 Fighting
 - Level 2.1 Dodging
 - Level 1.5 Stealth
 + Level 8.7 Spellcasting


You had 3 spell levels left.
You knew the following spells:

 Your Spells              Type           Power      Damage    Failure   Level
a - Magic Dart            Conj           100%       1d8       1%          1
b - Searing Ray           Conj           100%       2d8       1%          2
c - Iskenderun's Mystic   Conj/Tloc      66%        2d14      1%          4
d - Fulminant Prism       Conj/Hex       33%        3d16      1%          4
e - Dazzling Flash        Conj/Hex       100%       N/A       1%          3
f - Apportation           Tloc           100%       N/A       1%          1
g - Poisonous Vapours     Pois/Air       100%       N/A       1%          2
h - Spider Form           Tmut/Pois      50%        N/A       1%          3
i - Summon Guardian Gole  Hex/Summ       50%        N/A       1%          3
Your spell library was empty.

Dungeon Overview and Level Annotations

Branches:
Dungeon (7/15)             Temple (1/1) D:7

Altars:
Ashenzari
Cheibriados
Dithmenos
Elyvilon
Fedhas
Gozag
Hepliaklqana
Nemelex Xobeh
Okawaru
Qazlal
Ru
Trog
Uskayaw
Wu Jian
Xom
Yredelemnul
Zin
The Shining One
Ignis

Shops:
D:3 [

Annotations:
D:7 3 runed translucent doors


Innate Abilities, Weirdness & Mutations

You are immune to sickness and miasma.
You are immune to poison.
Your flesh is very heat resistant. (rF++)
You are vulnerable to cold. (rC-)
You float through the air rather than walking.
You learn spells naturally, not from books.
Your magical power is your life essence.
You have superior vitality. (+4 MHP)


Message History

Confirm with . or Enter, or press ? or * to list all spells.
Aiming: Searing Ray (safe; 1% risk of failure)
Press: ? - help, Shift-Dir - straight line, f - two-headed ogre
Aim: a two-headed ogre, wielding two +0 giant clubs (heavily wounded, 92% to hit)
You feel a surge of power!
The searing ray hits the two-headed ogre.
The two-headed ogre is severely wounded. (Press . to maintain the ray.)
The searing ray hits the two-headed ogre!
The two-headed ogre is severely wounded.
The searing ray hits the two-headed ogre!
The two-headed ogre is almost dead.
The two-headed ogre barely misses you.
The two-headed ogre hits you with a +0 giant club!!
The searing ray hits the two-headed ogre.
You kill the two-headed ogre!
You finish channelling your searing ray.
You start resting. "Burn!
Burn until nothing is left!" 3 fire elementals come into view.
The fire elemental barely misses you. The fire elemental hits you.
The fire elemental burns you!
You barely miss the fire elemental. The fire elemental hits you.
The fire elemental burns you!
The fire elemental closely misses you. x2
The fire elemental closely misses you.
The fire elemental completely misses you.
The fire elemental misses you. The fire elemental barely misses you.
The fire elemental closely misses you. x2
The fire elemental misses you. The fire elemental hits you.
The fire elemental burns you! The fire elemental closely misses you.
The fire elemental barely misses you. The fire elemental misses you.
The fire elemental closely misses you. The fire elemental hits you.
The fire elemental burns you!
* * * LOW HITPOINT WARNING * * *
The fire elemental hits you. The fire elemental burns you!
* * * LOW HITPOINT WARNING * * *
The fire elemental completely misses you. x2
The fire elemental hits you. The fire elemental burns you!
You die...
Your body disappears without a glow.

### #.. ... #.# #.#..
#.# #.#.# . #.# #.#.# ..
#.# #.#.###... #E#
#.#....>..
#@#######.#..# ...
##.####EE..........##.#.
........#######.........
#######)....○...........
#)######)......... #.#
#.#.####... #.# #.#.# ##
#)...o.o.......#
#.###........T..


You could see 3 fire elementals.

Vanquished Creatures
  A two-headed ogre (D:9)
  Sigmund (D:3)
  5 yaks (D:6)
  A steam dragon (D:7)
  An acid dragon (D:9)
  Duvessa (D:4)
  A water moccasin (D:7)
  An orc warrior (D:9)
  2 ice beasts (D:7)
  A black bear (D:4)
  An ogre (D:5)
  4 phantoms
  7 scorpions
  Blork the orc (D:5)
  A bullfrog (D:6)
  A necrophage (D:7)
  Dowan (D:4)
  2 hounds (D:5)
  Crazy Yiuf (D:3)
  2 orc priests
  2 jellies
  Terence (D:2)
  4 iguanas
  An orc wizard (D:7)
  Robin (D:2)
  4 gnolls (D:3)
  12 adders
  A white imp (D:6)
  2 ufetubi (D:4)
  3 worms
  4 dart slugs
  33 orcs
  6 bats
  8 endoplasms
  3 giant cockroaches
  10 hobgoblins
  4 jackals
  A quokka (D:5)
  4 ball pythons
  5 frilled lizards
  23 goblins
  6 kobolds
  5 rats
  A spectral orc (D:6)
180 creatures vanquished.

Vanquished Creatures (others)
  A troll (D:9)
  An orc (D:9)
  84 foxfires
  11 fulminant prisms
  6 plants (D:2)
103 creatures vanquished.

Grand Total: 283 creatures vanquished

Notes
Turn   | Place    | Note
-------+----------+-------------------------------------------
     0 | D:1      | night the Djinni Conjurer began the quest for the Orb.
     0 | D:1      | night set off with the following spells memorised: Magic
                  | Dart, Searing Ray, Dazzling Flash, Fulminant Prism,
                  | Iskenderun's Mystic Blast.
     0 | D:1      | Reached XP level 1. HP: 15/15 MP: 0/0
   251 | D:1      | Reached skill level 1 in Fighting
   251 | D:1      | Reached XP level 2. HP: 16/22 MP: 0/0
   929 | D:1      | Reached XP level 3. HP: 25/27 MP: 0/0
   929 | D:1      | Learned a level 1 spell: Apportation
  1364 | D:2      | Noticed Robin
  1373 | D:2      | Killed Robin
  1374 | D:2      | Reached skill level 2 in Fighting
  1378 | D:2      | Reached XP level 4. HP: 21/33 MP: 0/0
  1527 | D:2      | Noticed Terence
  1536 | D:2      | Killed Terence
  2085 | D:2      | Found a faded altar of an unknown god.
  2097 | D:2      | Prayed at the altar of an unknown god.
  2097 | D:2      | Became a worshipper of Ignis, the Dying Flame
  2139 | D:2      | Reached XP level 5. HP: 39/40 MP: 0/0
  2139 | D:2      | Learned a level 2 spell: Poisonous Vapours
  2649 | D:3      | Noticed Sigmund
  2661 | D:3      | Killed Sigmund
  2662 | D:3      | Reached skill level 4 in Fighting
  2662 | D:3      | Reached XP level 6. HP: 22/47 MP: 0/0
  2894 | D:3      | Found Bein's Armour Shop.
  2927 | D:3      | Found a runed translucent door.
  2928 | D:3      | Noticed Crazy Yiuf
  2937 | D:3      | Killed Crazy Yiuf
  3238 | D:3      | Reached XP level 7. HP: 45/53 MP: 0/0
  3238 | D:3      | Learned a level 3 spell: Spider Form
  3325 | D:3      | Reached skill level 5 in Spellcasting
  3466 | D:3      | Found a hide-covered altar of Uskayaw.
  4056 | D:4      | Reached skill level 5 in Fighting
  4217 | D:4      | Found an iron altar of Okawaru.
  4223 | D:4      | Reached XP level 8. HP: 38/60 MP: 0/0
  4453 | D:4      | Noticed Dowan
  4454 | D:4      | Noticed Duvessa
  4458 | D:4      | Killed Dowan
  4463 | D:4      | Reached skill level 6 in Fighting
  4465 | D:4      | Killed Duvessa
  4907 | D:5      | Entered Level 5 of the Dungeon
  5294 | D:5      | Found a broken altar of Ashenzari.
  5423 | D:5      | Reached skill level 7 in Fighting
  5703 | D:5      | Noticed Blork the orc
  5710 | D:5      | Killed Blork the orc
  5901 | D:5      | Reached XP level 9. HP: 59/68 MP: 0/0
  5901 | D:5      | Learned a level 3 spell: Summon Guardian Golem
  6571 | D:6      | Found a white marble altar of Elyvilon.
  6961 | D:6      | Found a hazy altar of Hepliaklqana.
  7048 | D:6      | Found a blossoming altar of Fedhas.
  7072 | D:6      | Reached skill level 8 in Fighting
  7329 | D:6      | Reached skill level 9 in Fighting
  7561 | D:7      | Reached XP level 10. HP: 71/78 MP: 0/0
  7713 | D:7      | Identified the +6 great sword of Untimely Demise {vorpal,
                  | Fly rCorr}
  7716 | D:7      | Found a runed translucent gate.
  7716 | D:7      | Found a runed translucent gate.
  7716 | D:7      | Found a runed translucent gate.
  8058 | D:7      | Found a staircase to the Ecumenical Temple.
  8072 | Temple   | Entered the Ecumenical Temple
  8080 | Temple   | Fell from the grace of Ignis
  8080 | Temple   | Became a worshipper of Nemelex Xobeh the Trickster
  8323 | D:7      | You are sucked into a shaft and drop 2 floors!
  8356 | D:9      | Noticed a two-headed ogre
  8360 | D:9      | Reached skill level 10 in Fighting
  8368 | D:9      | Killed a two-headed ogre
  8491 | D:9      | HP: 9/81 [fire elemental[the fiery vengeance of Ignis] (8)]
  8491 | D:9      | Slain by a fire elemental

Illustrated notes

Levels and vault maps discovered:
D:1:      evilmike_arrival_home_sweet_home, layout_loops_ring,
          roderic_serpentine_path
D:2:      wad_lake_hut, layout_loops_ring, hellmonk_ecumenical_altar_crossroads,
          st_stairs_2, uniq_terence, uniq_robin
D:3:      layout_loops_ring, mainiacjoe_overflow_alcove_1, serial_shops,
          shop_fountains, uniq_crazy_yiuf_cottage, uniq_sigmund
D:4:      layout_cave_pools, mainiacjoe_overflow_cross_hatched, uniq_duvessa
D:5:      layout_basic, ashenzari_conservatory_becter,
          chequers_serial_rivers_small_3, minmay_misc_feat_tiny,
          kennysheep_minor_cross, minmay_ogre_servants, uniq_blork_the_orc
D:6:      layout_basic, fedhas_altar_2, nicolae_hepliaklqana_monster_ancestors,
          elyvilon_altar_5
D:7:      layout_cave_pools, minmay_temple_entry_trees, enter_bailey_3,
          gammafunk_ghost_icy
D:9:      layout_loops_ring, david_lair_generic, orc_0_dummy
Temple:   nicolae_temple_no_exploring_needed

Skill      XL: |  1  2  3  4  5  6  7  8  9 10 |
---------------+-------------------------------+-----
Fighting       | 1 2 4 5 7 9 10 | 10.3
Spellcasting   | 4 5 6 7 8 |  8.7
Dodging        | |  2.1
Stealth        | |  1.5

Action                   |  1- 3 |  4- 6 |  7- 9 | 10-12 || total
-------------------------+-------+-------+-------+-------++-------
Melee: Staff             |       |     2 |    37 |     8 ||    47
 Cast: Magic Dart        |    46 |    48 |   129 |    56 ||   279
       Searing Ray       |     3 |     1 |    12 |     6 ||    22
       Fulminant Prism   |       |     4 |     6 |     1 ||    11
       Poisonous Vapours |       |     2 |     2 |       ||     4
       Iskenderun's Myst |       |     5 |    23 |     7 ||    35
       Dazzling Flash    |       |     1 |     1 |       ||     2
       Summon Guardian G |       |       |       |     1 ||     1
Invok: Foxfire Swarm     |       |       |     5 |       ||     5
       Fiery Armour      |       |       |     2 |       ||     2
  Use: Scroll            |       |       |    12 |       ||    12
Armor: Robe              |     2 |     1 |    24 |     9 ||    36
Dodge: Dodged            |     7 |     8 |    54 |    35 ||   104
